Unix NetHack Version 5.0.0-0 post-release - last build May 23 2026 06:08:33 (1c0ff79ee797540d5714e4e18072db0edd9e58ae,branch:main).

Game began 2026-05-29 15:09:45, ended 2026-05-30 04:12:54.

IanCurtis, chaotic male elven Wizard

                                                ----------------
                                                ...............|
                                                +|...{.|=-----.|   -
                                           |...|.|.|...|...+E..|   |
                                   |.|.|.---.--|.---.--|...---.| ---
                                   ..|.|.......|.......|.....|.| |..
                                   -.|.|---------------|...|.|.-----
                                   ....|*........|...| |...|.|......
                                   ----|....*...*|.|.--|.|.|.|------
                                   |...|....)%+..%*|...|.|...|.....|
                                   |.--|.........|[---.|.|----.-.--|
                                   |...|*........|...|...| |.[.
                                   ---.-------------.|.--- |.--
                                   ........|.......|.|.|   |...
                                   -.-----.|.-----.|.|.|   ---.
                                   |.|...|.|.*.|.|...|.|
                                                     ---

IanCurtis the Thaumaturge  St:13 Dx:15 Co:16 In:20 Wi:15 Ch:9  Chaotic
Dlvl:12 $:1  HP:0(63) Pw:13(117) AC:5  Xp:9 T:10852  Burdened

Latest messages:
 Your oil lamp catches light!
 Your tallow candle catches light!
 Your wax candle catches light!
 Your tallow candles catch light!
 Your tallow candle catches light!
 Your scroll of blank paper catches fire and burns!
 What do you want to use or apply? [b-dfgjkm-oqs-xDHJWYZ or ?*] ?
 You snuff out your tallow candle.
 Your oil lamp seems about to go out.
 The gnome mummy hits!
 What do you want to use or apply? [b-dfgjkm-oqs-xDHJWYZ or ?*] w
 You snuff out your tallow candles.
 The gnome mummy hits!
 You hit the gnome mummy!
 You hit the gnome mummy!
 The gnome mummy hits!
 You hit the gnome mummy!
 The gnome mummy hits!
 The gnome mummy hits!
 In what direction? y
 The spell hits the gnome mummy!
 The spell hits the flaming sphere!
 The large cat misses the dwarf mummy.
 The gnome mummy hits!
 The large cat misses the dwarf mummy.
 The gnome mummy hits!
 The dwarf mummy hits!
 You see here a spellbook of stone to flesh.
 The large cat bites the dwarf mummy.
 The dwarf mummy misses the large cat.
 It bites the dwarf mummy.
 The dwarf mummy hits it.
 The air elemental engulfs you!
 Your brass lantern goes out!
 Your oil lamp goes out!
 Your candle's flame is extinguished.
 Your candle's flame is extinguished.
 You are pummeled with debris!
 You hear some noises.
 You hear a blast.
 You are pummeled with debris!
 In what direction? .
 You feel better.
 You are pummeled with debris!
 You are pummeled with debris!
 You are pummeled with debris!
 You are pummeled with debris!
 You are pummeled with debris!
 You die...
 Do you want your possessions identified? [ynq] (y) q

Inventory:
 Coins    ('$')
  $ - a gold piece
 Amulets  ('"')
  N - an uncursed amulet of magical breathing
 Weapons  (')')
  P - 3 +0 daggers
  a - a blessed +1 quarterstaff (weapon in hands)
 Armor    ('[')
  E - an uncursed greased burnt +0 cornuthaum (being worn)
  A - an uncursed greased +0 pair of leather gloves (being worn)
  F - an uncursed +0 pair of leather gloves
  i - a blessed greased +3 cloak of magic resistance (being worn)
  G - an uncursed +0 cloak of magic resistance
 Comestibles  ('%')
  l - 2 uncursed slime molds
  z - an uncursed food ration
  R - an uncursed lizard corpse
 Scrolls  ('?')
  M - an uncursed scroll of create monster
  Q - an uncursed scroll of enchant weapon
  B - an uncursed scroll of identify
  L - an uncursed scroll of teleportation
 Rings    ('=')
  e - an uncursed ring of fire resistance
  X - an uncursed ring of invisibility
  r - an uncursed ring of poison resistance
  O - an uncursed ring of searching
  I - an uncursed ring of teleportation
 Wands    ('/')
  Y - a wand of cancellation (0:2)
  q - a wand of digging (0:8)
  c - a wand of opening (0:8)
  W - a wand of sleep (0:2)
  g - a wand of stasis (0:3)
  s - a wand of striking (0:8)
 Tools    ('(')
  b - an uncursed sack containing 16 items
  x - an empty uncursed sack
  D - an uncursed leather drum
  J - a magic flute (0:8)
  n - an uncursed wooden harp
  j - an uncursed brass lantern
  f - a can of grease (0:20)
  m - a magic marker (0:22)
  Z - a magic marker (0:20)
  t - an uncursed magic whistle
  o - a blessed oil lamp
  d - a +0 pick-axe
  k - an uncursed skeleton key
  u - an uncursed partly used tallow candle
  w - 2 uncursed partly used tallow candles
  H - a cursed partly used tallow candle
  v - an uncursed partly used wax candle

Contents of the sack:
  4 uncursed scrolls of blank paper
  2 uncursed scrolls of confuse monster
  a blessed scroll of create monster
  an uncursed scroll of enchant weapon
  2 uncursed scrolls of identify
  an uncursed scroll of light
  an uncursed scroll of magic mapping
  an uncursed scroll of remove curse
  an uncursed scroll of teleportation
  an uncursed spellbook of magic missile
  an uncursed potion of extra healing
  an uncursed potion of levitation
  a blessed potion of see invisible
  an uncursed potion of see invisible
  a potion of holy water
  4 uncursed potions of water

IanCurtis the Wizard's attributes:

Background:
 You were a Thaumaturge, a level 9 male elven Wizard.
 You were chaotic, on a mission for Anhur
 who was opposed by Ptah (lawful) and Thoth (neutral).
 You were right-handed.
 You were in the Gnomish Mines, on level 12.
 You entered the dungeon 10852 turns ago.
 It was nighttime.
 You had 2829 experience points, 2291 more were needed to attain level 10.

Basics:
 You had 0 out of 63 hit points.
 You had 13 out of 117 energy points (spell power).
 Your armor class was 5.
 Your wallet contained 1 zorkmid.
 Autopickup was off.

Final Characteristics:
 Your strength was 13 (limit:18).
 Your dexterity was 15 (limit:18).
 Your constitution was 16 (limit:16).
 Your intelligence was 20 (limit:20).
 Your wisdom was 15 (limit:20).
 Your charisma was 9 (base:8, limit:18).

Final Status:
 You were engulfed by the air elemental.
 You weren't hungry.
 You were burdened; movement was slightly slowed.
 You were wielding a quarterstaff.
 You were skilled in quarterstaff and could have enhanced that.

Final Attributes:
 You were piously aligned.
 You were magic-protected.
 You were sleep resistant.
 You were telepathic.
 You were clairvoyant.
 You had infravision.
 You were warded.
 You are dead.

Miscellaneous:
 You encountered 1 bones level.
 Total elapsed playing time was 1 hour, 40 minutes and 11 seconds.

Major events:
 Turn
    1: IanCurtis the chaotic male elven Wizard entered the dungeon
  754: attained the rank of Conjurer (level 3)
 1700: entered the Gnomish Mines
 5517: attained the rank of Thaumaturge (level 6)
 6964: reached Mine Town
10852: killed by an air elemental

Spells:
 Name                 Level Category     Fail Retention
 force bolt             1   attack         0%   46%-50%
 light                  1   divination     0%   41%-50%
 identify               3   divination     0%   51%-60%
 magic mapping          5   divination    63%   51%-60%
 extra healing          3   healing        0%   61%-70%
 healing                1   healing        0%   61%-70%
 invisibility           4   escape        76%   51%-75%
 magic missile          2   attack         0%   86%-90%

Skills:
 Fighting Skills
   bare handed combat [Unskilled]
   riding             [Unskilled]
 Weapon Skills
   dagger             [Unskilled]
   knife              [Unskilled]
   axe                [Unskilled]
   short sword        [Unskilled]
   club               [Unskilled]
   mace               [Unskilled]
   quarterstaff       [Skilled]
   polearms           [Unskilled]
   spear              [Unskilled]
   trident            [Unskilled]
   sling              [Unskilled]
   dart               [Unskilled]
   shuriken           [Unskilled]
 Spellcasting Skills
   attack spells      [Skilled]
   healing spells     [Basic]
   divination spells  [Basic]
   enchantment spells [Basic]
   clerical spells    [Unskilled]
   escape spells      [Unskilled]
   matter spells      [Unskilled]

Voluntary challenges:
 Character rerolling was not enabled.
 You never genocided any monsters.
 You never polymorphed an object.
 You never changed form.
 You used no wishes.
Achievements:
 You attained the rank of Conjurer.
 You entered the Gnomish Mines.
 You attained the rank of Thaumaturge.
 You entered Minetown.
 You entered a temple.
 You entered a shop.

 The Dungeons of Doom: levels 1 to 6
    Level 1:
       Some fountains.
    Level 2:
       An altar to Anhur, some fountains, a sink.
    Level 3:
       A fountain, some sinks.
    Level 4:
       Stairs down to The Gnomish Mines.
    Level 5:
       A sink.
    Level 6:
 The Gnomish Mines: levels 5 to 12
    Level 5:
       A grave.
       Final resting place for
          Atomicjoy-Wiz-Elf-Mal-Cha, killed by an aklys.
    Level 6:
    Level 7:
    Level 8:
       Many shops, a temple and an altar, many fountains.
    Level 9:
    Level 10:
    Level 11:
    Level 12: <- You were here.
       A fountain.
       Final resting place for
          you, killed by an air elemental.


Vanquished creatures:
  a vampire
  a ghost
  a large mimic
  a small mimic
 an ettin mummy
  2 flaming spheres
  2 tigers
  a wraith
  a leather golem
  a watchman
 an amorous demon
  3 giant beetles
  a quivering blob
  a cockatrice
  a panther
  a mumak
  2 giant spiders
 an ice vortex
  a black light
  a vampire bat
  2 orc mummies
  a dwarf mummy
  a lizard
  a dust vortex
  3 ravens
  a plains centaur
  2 gnome mummies
  a snake
 an ape
  a human zombie
  a rope golem
  2 soldier ants
 an imp
  a water nymph
  a rock piercer
  a rock mole
  3 ponies
  a yellow light
 15 gnome leaders
  5 gnomish wizards
  2 ghouls
  2 paper golems
  2 little dogs
  7 floating eyes
 12 dwarves
  3 rothes
  a rabid rat
  a giant bat
  a monkey
 an orc zombie
  2 dwarf zombies
  4 wererats
  a werejackal
  3 iguanas
 an acid blob
  4 coyotes
  2 gas spores
  6 hobbits
 15 manes
  2 large kobolds
  9 giant rats
  9 cave spiders
  a brown mold
  4 yellow molds
  2 red molds
 40 gnomes
  6 garter snakes
  2 gnome zombies
  6 geckos
 11 jackals
  a fox
  2 kobolds
  2 goblins
  5 sewer rats
 14 grid bugs
  4 bats
  7 lichens
  4 kobold zombies
 11 newts
282 creatures vanquished.

No species were genocided or became extinct.

Game over:
                       ----------
                      /          \
                     /    REST    \
                    /      IN      \
                   /     PEACE      \
                  /                  \
                  |    IanCurtis     |
                  |       1 Au       |
                  | killed by an air |
                  |    elemental     |
                  |                  |
                  |                  |
                  |       2026       |
                 *|     *  *  *      | *
        _________)/\\_//(\/(/\)/\//\/|_)_______

Goodbye IanCurtis the Wizard...

You died in The Gnomish Mines on dungeon level 12 with 11867 points,
and 1 piece of gold, after 10852 moves.
You were level 9 with a maximum of 63 hit points when you died.

